 Dungeon Crawl Stone Soup version 0.31-a0-920-g28cbb04a8c (webtiles) character file.

Game seed: 4558461932606013743

100 Ekaitz the Digger (level 4, -5/40 HPs)
             Began as an Octopode Earth Elementalist on Oct 17, 2023.
             Killed by divine providence
             ... invoked by an orc priest
              (9 damage)
             ... on level 3 of the Dungeon.
             The game lasted 00:05:05 (2277 turns).

Ekaitz the Digger (Octopode Earth Elementalist)     Turns: 2277, Time: 00:05:06

Health: -5/40      AC: 22    Str:  4 (7)  XL:     4   Next: 73%
Magic:  3/7        EV:  2    Int: 15 (17) God:
Gold:   111        SH:  0    Dex: 12 (14) Spells: 1/7 levels left

rFire   . . .        e - +0 dagger
rCold   . . .        (no shield)
rNeg    . . .        (helmet currently unavailable)
rPois   +            (no amulet)
rElec   .            (no ring)
rCorr   .            (no ring)
SInv    .            (no ring)
Will    +....        (no ring)
Stlth   ++           (no ring)
HPRegen 0.26/turn    (no ring)
MPRegen 0.10/turn    (no ring)
                     (no ring)

%: no passive effects
@: tree-form, enlightened, very slightly contaminated
A: stationary, stasis, torment immunity, boosted hp, almost no armour,
(amphibious), 8 rings, (camouflage 1), (gelatinous body 1), (nimble swimmer 1),
(tentacles), (cold resistance 1), wild magic 1
a: no special abilities


You were on level 3 of the Dungeon.
You were a tree.
You visited 1 branch of the dungeon, and saw 3 of its levels.

You collected 111 gold pieces.

Inventory:

Hand Weapons
 e - a +0 dagger (weapon)
Talismans
 f - a flux talisman
Scrolls
 b - a scroll of fog {unknown}
 d - a scroll of amnesia {unknown}
 g - a scroll of enchant armour {unknown}
 h - a scroll of fear {unknown}
 l - a scroll of noise {unknown}
 n - a scroll of brand weapon {unknown}
Potions
 a - a potion of magic
 m - 3 potions of mutation


   Skills:
 * Level 0.9 Fighting
 + Level 0.8 Short Blades
 * Level 2.0 Dodging
 + Level 2.9 Stealth
 + Level 2.2 Spellcasting
 * Level 0.4 Conjurations
 + Level 1.3 Transmutations
 * Level 4.5 Earth Magic


You had one spell level left.
You knew the following spells:

 Your Spells              Type           Power      Damage    Failure   Level
a - Sandblast             Erth           38%        2d10      5%          1
b - Passwall              Tmut/Erth      10%        N/A       14%         2
c - Stone Arrow           Conj/Erth      22%        3d8       32%         3

Your spell library contained the following spells:

 Spells                   Type           Power      Damage    Failure   Level
 Momentum Strike          Conj/Tloc      6%         3d8       38%         2
 Blink                    Tloc           4%         N/A       41%         2
 Lesser Beckoning         Tloc           4%         N/A       41%         2
 Petrify                  Tmut/Erth      13%        N/A       63%         4
 Brom's Barrelling Bould  Conj/Erth      11%        2d3       69%         4


Dungeon Overview and Level Annotations

Branches:
Dungeon (3/15)

Altars:


Innate Abilities, Weirdness & Mutations

You are a tree.
Your roots penetrate the ground, keeping you stationary.
You cannot be teleported.
You are immune to unholy pain and torment.
Your maximum health is greatly increased.
You cannot wear most types of armour.
((You are amphibious.))
You can wear up to eight rings at the same time.
((Your skin changes colour to match your surroundings (Stealth+).))
((Your rubbery body absorbs attacks. (AC +1, EV +1)))
((You are camouflaged when in or above water. (Stealth+)))
((You have tentacles for arms and can constrict up to eight enemies at once.))
((Your flesh is cold resistant. (rC+)))
Your spells are a little harder to cast, but a little more powerful.


Message History

It was a potion of mutation.
You feel extremely strange.
You feel vulnerable to heat.
You feel frail.
You feel sick. The adder bites you.
* * * LOW HITPOINT WARNING * * *
The adder closely misses you.
Unknown command.
It was a potion of lignification.
You turn into a tree.
Your roots penetrate the ground.
You feel sick. The adder bites you but does no damage.
The orc priest looks braver for a moment.
It was a potion of degeneration.
There was something very wrong with that liquid.
You feel weakened.
You feel dopey.
You feel clumsy.
You feel sick. The adder bites you but does no damage.
You feel extremely strange.
You feel robust.
You no longer feel vulnerable to heat.
You feel less in control of your magic.
You feel resistant to cold.
You feel sick.
You are no longer poisoned.
The adder bites you but does no damage.
Unknown command.
Casting: Sandblast (safe; 5% risk of failure)
Confirm with . or Enter, or press ? or * to list all spells.
Aiming: Sandblast (safe; 5% risk of failure)
Press: ? - help, Shift-Dir - straight line, f/p - adder
Aim: an adder (70% to hit)
You miscast Sandblast.
Nothing appears to happen.
The adder bites you but does no damage. x2
Unknown command.
Casting: Sandblast (safe; 5% risk of failure)
Confirm with . or Enter, or press ? or * to list all spells.
Aiming: Sandblast (safe; 5% risk of failure)
Press: ? - help, Shift-Dir - straight line, f/p - adder
Aim: an adder (70% to hit)
The blast of sand hits the adder.
The adder is heavily wounded.
The adder bites you but does no damage.
The orc priest invokes the aid of Beogh against you.
Beogh smites you!
You die...

....# #.# o##.# #.#
o##.# #.# .S..# #.#
##.## #.#
#.###############.#
#.)..!...o.o..oo#.#
###############S#.#
#♣#.# #.#.# #.#.#
#.#.# #.#.# ..#.#
###.# ##.## ##...##


You could see an orc priest, an adder and an orc.

Vanquished Creatures
  4 adders (D:2)
  2 worms (D:2)
  A dart slug (D:1)
  5 orcs (D:3)
  5 endoplasms
  A giant cockroach (D:3)
  6 goblins
  4 hobgoblins
  A quokka (D:2)
  9 ball pythons
  2 bats
  5 frilled lizards
  A kobold (D:1)
  5 rats
51 creatures vanquished.

Notes
Turn   | Place    | Note
-------+----------+-------------------------------------------
     0 | D:1      | Ekaitz the Octopode Earth Elementalist began the quest for
                  | the Orb.
     0 | D:1      | Reached XP level 1. HP: 11/11 MP: 3/3
   228 | D:1      | Reached XP level 2. HP: 17/17 MP: 3/5
   231 | D:1      | Learned a level 2 spell: Passwall
   824 | D:2      | Reached XP level 3. HP: 15/22 MP: 4/6
   837 | D:2      | Learned a level 3 spell: Stone Arrow
  1000 | D:2      | Reached skill level 4 in Earth Magic
  1065 | D:2      | You fall into a shaft and drop 1 floor!
  1311 | D:2      | Reached XP level 4. HP: 26/27 MP: 3/7
  2272 | D:3      | Gained mutation: You are vulnerable to heat. (rF-) [potion
                  | of mutation]
  2272 | D:3      | Gained mutation: You are frail. (-10% HP) [potion of
                  | mutation]
  2275 | D:3      | Lost mutation: You are frail. (-10% HP) [potion of
                  | mutation]
  2275 | D:3      | Lost mutation: You are vulnerable to heat. (rF-) [potion of
                  | mutation]
  2275 | D:3      | Gained mutation: Your spells are a little harder to cast,
                  | but a little more powerful. [potion of mutation]
  2275 | D:3      | Gained mutation: Your flesh is cold resistant. (rC+)
                  | [potion of mutation]
  2277 | D:3      | Killed from afar by an orc priest

Illustrated notes

Levels and vault maps discovered:
D:1:      saegor_arrival_simple_e, layout_basic, hangedman_glass_teeth
D:2:      minmay_general_purpose_star, layout_rooms,
          chequers_serial_rivers_micro_d
D:3:      layout_loops_ring, hangedman_decor_points

Skill      XL: |  1  2  3 |
---------------+----------+-----
Earth Magic    | 4 |  4.5
Fighting       | |  0.9
Short Blades   | |  0.8
Dodging        | |  2.0
Stealth        | |  2.9
Spellcasting   | |  2.2
Conjurations   | |  0.4
Transmutations | |  1.3

Action                     |  1- 3 |  4- 6 || total
---------------------------+-------+-------++-------
  Melee: Unarmed           |     2 |       ||     2
         Constrict         |     6 |     4 ||    10
         Dagger            |    26 |    12 ||    38
         Tentacles         |     7 |     4 ||    11
   Cast: Sandblast         |    31 |    20 ||    51
         Passwall          |     3 |     3 ||     6
    Use: Potion            |       |     6 ||     6
   Stab: Sleeping          |     3 |     2 ||     5
         Distracted        |     1 |       ||     1
 Armour: Skin              |    17 |    21 ||    38
  Dodge: Dodged            |    30 |    17 ||    47

Table legend: (Time is in decaauts)
 A = Elapsed time spent in this place.
 B = Non-inter-level travel time spent in this place.
 C = Inter-level travel time spent in this place.
 D = Time resting spent in this place.
 E = Time spent auto-exploring this place.
 F = Levels seen in this place.
 G = Mean time per level.
                   A        B        C        D        E       F      G
               +--------+--------+--------+--------+--------+-----+--------+
         Total |   2300 |   2254 |     46 |     87 |   1660 |   3 |  766.7 |
       Dungeon |   2300 |   2254 |     46 |     87 |   1660 |   3 |  766.7 |
               +--------+--------+--------+--------+--------+-----+--------+

Top non-repeatable levels by time:
     D:2: 898 daAuts
     D:1: 827 daAuts
     D:3: 575 daAuts
